 Dungeon Crawl Stone Soup version 0.29-a0-322-g68df515428 (webtiles) character file.

Game seed: 14736384411455324912

896 ders the Ducker (level 8, -9/50 HPs)
             Began as a Djinni Conjurer on Apr 9, 2022.
             Mangled by an ice beast (12 damage)
             ... on level 5 of the Dungeon.
             The game lasted 00:06:28 (5870 turns).

ders the Ducker (Djinni Conjurer)                   Turns: 5870, Time: 00:06:28

Health: -9/50      AC:  3    Str:  6    XL:     8   Next: 28%
Gold:   268        EV: 14    Int: 22    God:
                   SH:  0    Dex: 12

rFire   + + .      SeeInvis .   (no weapon)
rCold   x . .      Faith    .   (no shield)
rNeg    . . .      Spirit   .   a - +0 robe
rPois   ∞          Reflect  .   (no helmet)
rElec   .          Harm     .   c - +0 cloak
rCorr   .          Rampage  .   (no gloves)
Will    .....                   (boots unavailable)
Stlth   +++.......              (no amulet)
HPRegen 0.16/turn               (no ring)
MPRegen 0.00/turn               (no ring)

@: flying, very slightly contaminated
A: sickness immunity, fire resistance 2, cold vulnerability 1, float, innate
caster, HP casting, extra vitality 1
a: no special abilities


You were on level 5 of the Dungeon.
You visited 1 branch of the dungeon, and saw 5 of its levels.

You collected 268 gold pieces.

Inventory:

Missiles
 t - a throwing net
Armour
 a - a +0 robe (worn)
 c - a +0 cloak (worn)
Jewellery
 m - a ring of wizardry
Wands
 s - a wand of paralysis (6)
Scrolls
 d - 4 scrolls of enchant armour {unknown}
 e - a scroll of immolation {unknown}
 i - a scroll of holy word {unknown}
 k - a scroll of blinking {unknown}
 l - 2 scrolls of teleportation {unknown}
 p - a scroll of identify {unknown}
 q - a scroll of amnesia {unknown}
 r - a scroll of fear {unknown}
 w - a scroll of fog {unknown}
 x - a scroll of vulnerability {unknown}
 y - a scroll of silence {unknown}
Potions
 b - 3 potions of invisibility {unknown}
 f - a potion of resistance {unknown}
 g - a potion of ambrosia {unknown}
 h - 2 potions of curing
 j - 2 potions of degeneration {unknown}
 n - a potion of brilliance {unknown}
 o - a potion of magic {unknown}
 u - 4 potions of mutation {unknown}
 v - a potion of berserk rage {unknown}


   Skills:
 + Level 6.0 Dodging
 + Level 4.9 Stealth
 + Level 5.1 Spellcasting


You couldn't memorise any spells.
You knew the following spells:

 Your Spells              Type           Power      Damage    Failure   Level
a - Magic Dart            Conj           100%       1d8       1%          1
b - Searing Ray           Conj           56%        2d6       1%          2
c - Dazzling Flash        Conj/Hex       56%        N/A       3%          3
d - Fulminant Prism       Conj/Hex       14%        3d9       12%         4
e - Iskenderun's Mystic   Conj/Tloc      28%        2d7       12%         4
f - Summon Small Mammal   Summ           100%       N/A       1%          1
g - Ensorcelled Hibernat  Hex/Ice        56%        N/A       1%          2
h - Confusing Touch       Hex            28%        N/A       3%          3
Your spell library was empty.

Dungeon Overview and Level Annotations

Branches:
Dungeon (5/15)
 Temple: D:4-7

Altars:
Kikubaaqudgha

Annotations:
D:4 3 runed translucent doors, GigaChad's ghost, amateur DrCK


Innate Abilities, Weirdness & Mutations

You are immune to sickness and miasma.
You are immune to poison.
Your flesh is very heat resistant. (rF++)
You are vulnerable to cold. (rC-)
You float through the air rather than walking.
You learn spells naturally, not from books.
Your magical power is your life essence.
You have superior vitality. (+4 MHP)


Message History

You are very lightly contaminated with residual magic.
Nothing appears to happen.
Casting: Fulminant Prism (quite dangerous; 13% risk of failure)
Confirm with . or Enter, or press ? or * to list all spells.
You miscast Iskenderun's Mystic Blast.
Nothing appears to happen.
Casting: Iskenderun's Mystic Blast (quite dangerous; 13% risk of failure)
Confirm with . or Enter, or press ? or * to list all spells.
You erupt in a blast of force!
The mystic blast hits the ogre.
The ogre is severely wounded.
The ogre is knocked back by the mystic blast.
The mystic blast hits the iguana!
The iguana is almost dead.
The iguana is knocked back by the mystic blast.
An ice beast comes into view.
Casting: Iskenderun's Mystic Blast (quite dangerous; 13% risk of failure)
Confirm with . or Enter, or press ? or * to list all spells.
You erupt in a blast of force!
The mystic blast hits the ogre!
You kill the ogre!
The mystic blast hits the iguana.
You kill the iguana!
* * * LOW HITPOINT WARNING * * *
Your Dodging skill increases to level 6!
You see here a fuming red potion.
Casting: Iskenderun's Mystic Blast (quite dangerous; 12% risk of failure)
Confirm with . or Enter, or press ? or * to list all spells.
You erupt in a blast of force!
The mystic blast hits the ice beast!
The ice beast is moderately wounded.
The ice beast is knocked back by the mystic blast.
The ice beast slams into the rock wall!
* * * LOW HITPOINT WARNING * * *
Casting: Iskenderun's Mystic Blast (quite dangerous; 12% risk of failure)
Confirm with . or Enter, or press ? or * to list all spells.
You erupt in a blast of force!
The mystic blast hits the ice beast but does no damage.
The ice beast is moderately wounded.
* * * LOW HITPOINT WARNING * * *
The ice beast hits you.
* * * LOW HITPOINT WARNING * * *
The ice beast freezes you!
You feel a terrible chill!
You die...

.$.............##.......#.
................#..##...#.
......))..)....##...##....
........).†.........##....
.......<...#........#....#
.....#.)÷.##....#......###
.........#......#......##
.....).).Y!.$...........#
......)#.@#........######
#...####.........### ...?
#....##..### .#.
#......#...# #
...........# ##....##...##
##... .##.# #.#. ##


You could see an ice beast.

Vanquished Creatures
  Menkaure (D:4)
  A sky beast (D:4)
  An ogre (D:5)
  2 scorpions
  2 hounds (D:5)
  2 orc priests (D:5)
  A gnoll shaman (D:4)
  3 iguanas (D:5)
  3 adders
  14 gnolls
  2 worms (D:3)
  2 dart slugs (D:4)
  7 orcs
  5 ball pythons
  6 bats
  9 endoplasms
  5 giant cockroaches
  3 hobgoblins
  5 jackals
  11 kobolds
  A quokka (D:4)
  2 frilled lizards
  5 goblins
  2 rats
95 creatures vanquished.

Vanquished Creatures (others)
  6 fulminant prisms
6 creatures vanquished.

Grand Total: 101 creatures vanquished

Notes
Turn   | Place    | Note
-------+----------+-------------------------------------------
     0 | D:1      | ders the Djinni Conjurer began the quest for the Orb.
     0 | D:1      | Reached XP level 1. HP: 15/15 MP: 0/0
   124 | D:1      | Reached XP level 2. HP: 10/21 MP: 0/0
   743 | D:1      | Reached XP level 3. HP: 20/25 MP: 0/0
   743 | D:1      | Learned a level 1 spell: Summon Small Mammal
  1209 | D:1      | Found a faded altar of an unknown god.
  2073 | D:2      | Reached skill level 3 in Dodging
  2093 | D:2      | Reached XP level 4. HP: 29/31 MP: 0/0
  2773 | D:3      | Reached XP level 5. HP: 24/35 MP: 0/0
  2773 | D:3      | Learned a level 2 spell: Ensorcelled Hibernation
  3723 | D:4      | Reached skill level 4 in Dodging
  3723 | D:4      | Reached XP level 6. HP: 8/40 MP: 0/0
  4125 | D:4      | Found a runed translucent gate.
  4125 | D:4      | Found a runed translucent gate.
  4126 | D:4      | Found a runed translucent gate.
  4199 | D:4      | Noticed Menkaure
  4204 | D:4      | Killed Menkaure
  4326 | D:4      | Noticed GigaChad's ghost (amateur DrCK)
  4440 | D:4      | Reached XP level 7. HP: 28/45 MP: 0/0
  4440 | D:4      | Learned a level 3 spell: Confusing Touch
  5079 | D:5      | Entered Level 5 of the Dungeon
  5181 | D:5      | Reached skill level 5 in Dodging
  5618 | D:5      | Reached XP level 8. HP: 14/50 MP: 0/0
  5846 | D:5      | Reached skill level 5 in Spellcasting
  5864 | D:5      | Reached skill level 6 in Dodging
  5870 | D:5      | Mangled by an ice beast

Illustrated notes

Levels and vault maps discovered:
D:1:      evilmike_arrival_home_sweet_home, layout_basic, basic_ecumenical_altar
D:2:      layout_rooms
D:3:      layout_loops_ring, kennysheep_another_room
D:4:      layout_cave_pods, kiku_gazebo_pond_becter, serial_column_ruins,
          column_ruins_circle_medium, column_ruins_grid_2, column_ruins_grid_3,
          column_ruins_grid_3, column_ruins_columns_corner, column_ruins_grid_1,
          gammafunk_ghost_necromancy, uniq_menkaure
D:5:      minmay_angry_zag, layout_cave_pools, kennysheep_orc_sif_temple

Skill      XL: |  1  2  3  4  5  6  7  8 |
---------------+-------------------------+-----
Stealth        | 2 3 4 |  4.9
Dodging        | 3 4 5 6 |  6.0
Spellcasting   | 4 5 |  5.1

Action                   |  1- 3 |  4- 6 |  7- 9 || total
-------------------------+-------+-------+-------++-------
 Cast: Magic Dart        |    83 |    71 |    11 ||   165
       Searing Ray       |       |     4 |       ||     4
       Fulminant Prism   |       |     2 |     4 ||     6
       Iskenderun's Myst |       |     4 |    26 ||    30
  Use: Potion            |       |       |     2 ||     2
Armor: Robe              |     4 |     2 |     1 ||     7
Dodge: Dodged            |    10 |     5 |    15 ||    30

Table legend: (Time is in decaauts)
 A = Elapsed time spent in this place.
 B = Non-inter-level travel time spent in this place.
 C = Inter-level travel time spent in this place.
 D = Time resting spent in this place.
 E = Time spent auto-exploring this place.
 F = Levels seen in this place.
 G = Mean time per level.
                   A        B        C        D        E       F      G
               +--------+--------+--------+--------+--------+-----+--------+
         Total |   5873 |   5817 |     56 |   1520 |   3807 |   5 | 1174.6 |
       Dungeon |   5873 |   5817 |     56 |   1520 |   3807 |   5 | 1174.6 |
               +--------+--------+--------+--------+--------+-----+--------+

Top non-repeatable levels by time:
     D:4: 1743 daAuts
     D:1: 1669 daAuts
     D:3: 1542 daAuts
     D:2: 769 daAuts
     D:5: 148 daAuts
